[Event "Titled Tuesday Blitz October 5 2021"]
[White "Ivanisevic, Ivan"]
[Black "Bordi, Kevin"]
[WhiteFideId "912417"]
[BlackFideId "621862"]
[WhiteElo "2499"]
[BlackElo "2823"]
[Result "1-0"]
[Round "06"]
[TimeControl "180+1"]
[Date "2021.10.05"]
[WhiteClock "0:00:49"]
[BlackClock "0:00:23"]

1. c4 b5 2. Nc3 b4 3. Nd5 e6 4. Ne3 c5 5. Nf3 Nc6 6. g3 Nf6 7. Bg2 Bb7 8. O-O Be7 9. a3 a5 10. b3 O-O 11. Bb2 d5 12. cxd5 exd5 13. d4 Ne4 14. dxc5 Bxc5 15. Nf5 f6 16. axb4 axb4 17. Rxa8 Qxa8 18. Qxd5+ Kh8 19. Qxe4 Nd4 20. Qg4 Nxe2+ 21. Kh1 g6 22. N5h4 Qa2 23. Nxg6+ hxg6 24. Qh3+ Kg7 25. Ng5 Bxg2+ 26. Kxg2 Rh8 27. Qd7+ Kh6 28. Nf7+ Kh5 29. Qh3# 1-0


[Site "https://www.chess.com"]

[Event "Titled Tuesday Blitz October 5 2021"]
[White "Jobava, Baadur"]
[Black "Gaehwiler, Gabriel"]
[WhiteFideId "13601520"]
[BlackFideId "1314530"]
[WhiteElo "2731"]
[BlackElo "2320"]
[Result "1-0"]
[Round "06"]
[TimeControl "180+1"]
[Date "2021.10.05"]
[WhiteClock "0:00:57"]
[BlackClock "0:00:34"]

1. e4 e5 2. Nf3 Nf6 3. d4 Nxe4 4. dxe5 d5 5. Nbd2 Nxd2 6. Qxd2 Be7 7. Qf4 Be6 8. Qg3 Rg8 9. Bd3 g6 10. Nd4 Nd7 11. O-O Nc5 12. f4 Bh4 13. Qf3 Nxd3 14. cxd3 Qd7 15. Bd2 O-O-O 16. Rac1 Qa4 17. Nxe6 fxe6 18. Qg4 g5 19. Qxe6+ Kb8 20. f5 Qd4+ 21. Kh1 Qxd3 22. Rfd1 Qe4 23. Bc3 d4 24. Rxd4 Qe3 25. Rcd1 Rc8 26. Qxg8 1-0


[Site "https://www.chess.com"]

[Event "Titled Tuesday Blitz October 5 2021"]
[White "Kabanov, Nikolai"]
[Black "Aggelis, Nikolaos"]
[WhiteFideId "4127820"]
[BlackFideId "4213220"]
[WhiteElo "2303"]
[BlackElo "2154"]
[Result "0-1"]
[Round "06"]
[TimeControl "180+1"]
[Date "2021.10.05"]
[WhiteClock "0:00:07"]
[BlackClock "0:01:02"]

1. e4 e5 2. Nf3 Nc6 3. Bc4 Bc5 4. c3 Nf6 5. d4 exd4 6. cxd4 Bb4+ 7. Bd2 Bxd2+ 8. Nbxd2 d5 9. exd5 Nxd5 10. Qb3 Na5 11. Qa4+ Nc6 12. Qb3 Na5 13. Qa4+ Nc6 14. O-O O-O 15. Rfe1 Nb6 16. Qb3 Na5 17. Qc3 Naxc4 18. Nxc4 Nxc4 19. Qxc4 Be6 20. Qb4 Bd5 21. Re3 a5 22. Qc5 b6 23. Qc3 Qd6 24. Rae1 Rac8 25. Ne5 c5 26. dxc5 Rxc5 27. Qd4 Qf6 28. Qd2 Bxa2 29. Nd7 Qd8 30. Qd6 Be6 31. Rxe6 fxe6 32. Qxe6+ Rf7 33. Nxc5 bxc5 34. h3 Qd4 35. Re2 g6 36. Qe8+ Kg7 37. Qe5+ Qxe5 38. Rxe5 Rc7 39. b3 Kf6 40. Re4 Rb7 41. Rc4 Rxb3 42. Rxc5 a4 43. Ra5 a3 44. g3 h5 45. Kg2 Ke6 46. h4 Kd7 47. Ra6 Kc7 48. Rxg6 Kb7 49. Rg7+ Kb6 50. Rg8 Ka7 51. Rg5 Ka6 52. Rg6+ Rb6 53. Rg8 Ka7 54. Rd8 a2 55. Rd1 Rb1 56. Rd7+ Kb6 57. Rd6+ Kc5 58. Ra6 a1=Q 59. Rxa1 Rxa1 60. Kf3 Ra4 61. Ke3 Kd5 62. f3 Ke5 63. g4 Ra3+ 64. Kf2 Kf4 65. gxh5 Rxf3+ 66. Kg2 Ra3 0-1


[Site "https://www.chess.com"]

[Event "Titled Tuesday Blitz October 5 2021"]
[White "Karacsonyi, Gellert"]
[Black "Zhigalko, Sergei"]
[WhiteFideId "764620"]
[BlackFideId "13502956"]
[WhiteElo "2215"]
[BlackElo "2662"]
[Result "1/2-1/2"]
[Round "06"]
[TimeControl "180+1"]
[Date "2021.10.05"]
[WhiteClock "0:00:43"]
[BlackClock "0:00:12"]

1. e4 c5 2. Nf3 Nc6 3. d4 cxd4 4. Nxd4 Nf6 5. Nc3 e5 6. Nf5 d5 7. exd5 Bxf5 8. dxc6 bxc6 9. Qf3 Qd7 10. Bg5 e4 11. Qf4 Bd6 12. Qd2 Nd5 13. Qxd5 cxd5 14. Bb5 Bb4 15. O-O-O Bxc3 16. Bxd7+ Kxd7 17. bxc3 Ke6 18. Rhe1 Rhc8 19. Kd2 Rc4 20. Be3 Ra4 21. Ra1 Rb8 22. Kc1 Kd7 23. Rb1 Rc8 24. Rb7+ Rc7 25. Rxc7+ Kxc7 26. Kb2 Bd7 27. Bd4 g6 28. Be5+ Kb7 29. Rd1 Bb5 30. Rxd5 Rxa2+ 31. Kxa2 Bc4+ 32. Ka3 Bxd5 33. Kb4 e3 34. fxe3 Bxg2 35. c4 Kc6 36. c5 a6 37. Kc4 Bf1+ 38. Kb4 Kd5 39. Bd6 f5 40. Bf4 Kc6 41. h4 Kd5 42. Bg5 Be2 43. Bf4 Bb5 44. Bg5 Be2 45. Bf4 Kc6 46. Bg5 Bd1 47. c3 Be2 48. Bf4 Bf1 49. Bg5 Be2 50. Bf4 Bf1 51. Bg5 a5+ 52. Kxa5 Kxc5 53. Bf4 Kc4 54. Kb6 Kxc3 55. Kc5 Kd3 56. Kd5 Ke2 57. Ke5 Kf3 58. Kf6 Kg4 59. Bg5 Kh5 60. Kg7 h6 61. Bxh6 Kxh4 62. Kxg6 Bd3 63. Bf4 Kg4 64. Kf6 Be4 65. Ke5 Bf3 66. Kf6 Be4 67. Ke5 Bf3 68. Kf6 Be4 1/2-1/2


[Site "https://www.chess.com"]

[Event "Titled Tuesday Blitz October 5 2021"]
[White "Karttunen, Mika"]
[Black "Hirneise, Jens"]
[WhiteFideId "502081"]
[BlackFideId "24614734"]
[WhiteElo "2343"]
[BlackElo "2323"]
[Result "1-0"]
[Round "06"]
[TimeControl "180+1"]
[Date "2021.10.05"]
[WhiteClock "0:00:22"]
[BlackClock "0:00:17"]

1. e4 c6 2. d4 g6 3. f4 d5 4. e5 h5 5. Bd3 Nh6 6. Nf3 Bg4 7. Be3 Nf5 8. Bf2 e6 9. Nbd2 Nd7 10. h3 Bxf3 11. Nxf3 c5 12. c4 Qa5+ 13. Ke2 dxc4 14. Bxc4 Nb6 15. Qb3 Nxc4 16. Qxc4 b5 17. Qd3 c4 18. Qe4 Rd8 19. Qc6+ Rd7 20. d5 exd5 21. e6 fxe6 22. Ne5 Rh7 23. Qxe6+ Rhe7 24. Qxg6+ Kd8 25. Qxf5 Bg7 26. Bh4 Bxe5 27. fxe5 Kc7 28. Bxe7 Rxe7 29. Rhd1 Qb4 30. Rd2 Qd6 31. Kf1 Rxe5 32. Qf2 Kb7 33. Kg1 b4 34. Rad1 c3 35. bxc3 bxc3 36. Rc2 Qb4 37. Qd4 Re1+ 38. Kf2 Qe7 39. Rxe1 1-0


[Site "https://www.chess.com"]

[Event "Titled Tuesday Blitz October 5 2021"]
[White "Katz, Alexander"]
[Black "Svane, Rasmus"]
[WhiteFideId "2039796"]
[BlackFideId "4657101"]
[WhiteElo "2371"]
[BlackElo "2643"]
[Result "0-1"]
[Round "06"]
[TimeControl "180+1"]
[Date "2021.10.05"]
[WhiteClock "0:00:15"]
[BlackClock "0:00:06"]

1. g3 d5 2. Bg2 e5 3. d4 e4 4. c4 c6 5. Nc3 h6 6. Qb3 Nf6 7. Nh3 Na6 8. cxd5 cxd5 9. Nf4 Nc7 10. h4 Be7 11. Bd2 O-O 12. Rc1 b6 13. f3 Ne6 14. Ncxd5 Nxd4 15. Nxe7+ Qxe7 16. Qe3 Nf5 17. Qb3 Nxg3 18. Bb4 Qe5 19. Bxf8 Nxh1 20. Qe3 Ng3 21. Bb4 Nf5 22. Bc3 Qe7 23. Qg1 Nxh4 24. fxe4 Bb7 25. Nd5 Nxd5 26. exd5 Qg5 27. Kf2 Re8 28. Bf3 Qe3+ 29. Kg3 Nf5+ 30. Kh2 Qf4+ 31. Kh1 Ng3+ 32. Kg2 Nxe2 33. Qf2 Nxc1 34. Bxg7 Kxg7 35. Qc2 Ne2 36. Qd3 Qg3+ 37. Kh1 Qg1# 0-1


[Site "https://www.chess.com"]

[Event "Titled Tuesday Blitz October 5 2021"]
[White "Kezin, Roman"]
[Black "Swicarz, Maciej"]
[WhiteFideId "24124621"]
[BlackFideId "1113585"]
[WhiteElo "2557"]
[BlackElo "2130"]
[Result "1-0"]
[Round "06"]
[TimeControl "180+1"]
[Date "2021.10.05"]
[WhiteClock "0:00:08"]
[BlackClock "0:00:01"]

1. h4 d5 2. h5 e5 3. a4 Nc6 4. a5 a6 5. b3 Bb4 6. Bb2 Qe7 7. Nf3 f6 8. e3 Bxa5 9. Nc3 Be6 10. Ra4 Bb6 11. Qa1 Rd8 12. Be2 Nh6 13. Rhh4 O-O 14. Kf1 Rfe8 15. Kg1 Qf7 16. Rh1 Bg4 17. Ng5 fxg5 18. Bxg4 d4 19. Be2 dxc3 20. Bc4 Re6 21. Bxc3 Kh8 22. Qe1 Qf5 23. Bxe6 Qxe6 24. Qe2 Rf8 25. Rh3 g4 26. Rg3 Qf5 27. f3 Qxc2 28. fxg4 Qxb3 29. Ra1 Qe6 30. g5 Nf5 31. Rf1 Rd8 32. Qg4 Nce7 33. Rgf3 Nd4 34. Qxe6 Nxe6 35. Bxe5 Kg8 36. h6 Nxg5 37. Rg3 gxh6 38. Bf6 Rd7 39. Bc3 Ng6 40. Rg4 Bc5 41. Rc4 b6 42. Kh1 Bd6 43. Rg4 a5 44. Re1 Be5 45. d4 Bg7 46. Kg1 Nf8 47. Rd1 Nfe6 48. Kf2 c5 49. Ke2 cxd4 50. exd4 Re7 51. Kd3 Nc7 52. Rb1 Nd5 53. Bd2 Rd7 54. Rb5 Nf6 55. Rf4 Nh5 56. Rh4 Nf6 57. Rxb6 Nd5 58. Rb8+ Kf7 59. Bxa5 Nf6 60. Bc3 Kg6 61. Rb6 Kf7 62. Ra6 Nd5 63. Bd2 Nf6 64. Rf4 Kg6 65. Bc3 Kf7 66. Kc2 Ke7 67. Bb4+ Kf7 68. Kb3 Kg6 69. Bc3 Kf7 70. d5 1-0


[Site "https://www.chess.com"]

[Event "Titled Tuesday Blitz October 5 2021"]
[White "Khamrakulov, Djurabek"]
[Black "Diaz Perez, Michel Alejandro"]
[WhiteFideId "14201143"]
[BlackFideId "3517179"]
[WhiteElo "2535"]
[BlackElo "2337"]
[Result "1/2-1/2"]
[Round "06"]
[TimeControl "180+1"]
[Date "2021.10.05"]
[WhiteClock "0:00:10"]
[BlackClock "0:00:03"]

1. Nf3 Nf6 2. d4 e6 3. g3 d5 4. Bg2 Be7 5. O-O O-O 6. c4 dxc4 7. Qc2 a6 8. a4 Bd7 9. Qxc4 Bc6 10. Bg5 Bd5 11. Qc2 Be4 12. Qc1 h6 13. Bxf6 Bxf6 14. Rd1 a5 15. Nc3 Bxf3 16. Bxf3 c6 17. e4 Bxd4 18. Ne2 e5 19. Nxd4 exd4 20. Qc5 Qf6 21. Bg2 Na6 22. Qxd4 Qxd4 23. Rxd4 Rfd8 24. Rad1 Rxd4 25. Rxd4 Nc5 26. e5 Kf8 27. f4 Ke7 28. Kf2 Rd8 29. Ke3 Rxd4 30. Kxd4 Nxa4 31. b3 Nb6 32. h4 f6 33. Bh3 fxe5+ 34. fxe5 a4 35. bxa4 Nxa4 36. Bc8 b6 37. Bb7 c5+ 38. Kd5 g5 39. hxg5 hxg5 40. g4 Nc3+ 41. Kc6 Nd1 42. Kxb6 c4 43. Kc5 c3 44. Be4 Ne3 45. Kd4 c2 46. Bxc2 Nxc2+ 47. Kd3 Ke6 48. Kxc2 Kxe5 49. Kd2 Kf4 50. Ke2 Kxg4 51. Kf2 Kh3 52. Kg1 Kg3 53. Kh1 Kf2 54. Kh2 g4 55. Kh1 Kf3 56. Kh2 g3+ 57. Kh1 g2+ 58. Kg1 Kg3 1/2-1/2


[Site "https://www.chess.com"]

[Event "Titled Tuesday Blitz October 5 2021"]
[White "Khoroshev, Nikita"]
[Black "Acosta, Pablo Ismael"]
[WhiteFideId "14200287"]
[BlackFideId "124311"]
[WhiteElo "2376"]
[BlackElo "2318"]
[Result "1-0"]
[Round "06"]
[TimeControl "180+1"]
[Date "2021.10.05"]
[WhiteClock "0:01:24"]
[BlackClock "0:01:09"]

1. d4 e6 2. e4 d5 3. Nc3 Nf6 4. exd5 exd5 5. Bd3 Be7 6. Nf3 O-O 7. O-O Bg4 8. h3 Bh5 9. Re1 c5 10. g4 Bg6 11. Bxg6 fxg6 12. Ng5 Qd7 13. Ne6 Rf7 14. g5 Ne4 15. Nxe4 dxe4 16. d5 Nc6 17. dxc6 Qxe6 18. cxb7 Raf8 19. Qg4 Qxg4+ 20. hxg4 Rxf2 21. b8=Q Rxb8 22. Kxf2 Rf8+ 23. Kg2 1-0


[Site "https://www.chess.com"]

[Event "Titled Tuesday Blitz October 5 2021"]
[White "Khusnutdinov, Rustam"]
[Black "Sarana, Alexey"]
[WhiteFideId "13701703"]
[BlackFideId "24133795"]
[WhiteElo "2571"]
[BlackElo "2671"]
[Result "0-1"]
[Round "06"]
[TimeControl "180+1"]
[Date "2021.10.05"]
[WhiteClock "0:00:10"]
[BlackClock "0:00:03"]

1. e4 c5 2. Nf3 d6 3. Bb5+ Bd7 4. Bxd7+ Nxd7 5. c4 Ne5 6. O-O e6 7. b3 Ne7 8. Bb2 N7c6 9. Ne1 g5 10. Nc2 Bg7 11. d4 cxd4 12. Nxd4 g4 13. Nd2 Qh4 14. f4 Nd3 15. Nf5 Nxb2 16. Nxg7+ Kf8 17. Qc2 Qf6 18. Nxe6+ fxe6 19. e5 Qf5 20. Qxb2 d5 21. cxd5 exd5 22. b4 Rg8 23. b5 Ne7 24. Nb3 g3 25. h3 Rg6 26. Nd4 Qd3 27. f5 Rh6 28. Rf3 Qe4 29. Rxg3 Rc8 30. Ne6+ Ke8 31. Ng7+ Kf8 32. e6 Rc2 33. Qa3 Qd4+ 34. Kh2 Qxa1 35. Qxa7 Rc8 36. Qg1 Qe5 37. Qf2 Rc3 38. f6 Rxf6 0-1


[Site "https://www.chess.com"]

[Event "Titled Tuesday Blitz October 5 2021"]
[White "Korobov, Anton"]
[Black "Kadam, Om Manish"]
[WhiteFideId "14105730"]
[BlackFideId "45076294"]
[WhiteElo "2718"]
[BlackElo "1729"]
[Result "1-0"]
[Round "06"]
[TimeControl "180+1"]
[Date "2021.10.05"]
[WhiteClock "0:00:57"]
[BlackClock "0:01:15"]

1. d4 Nf6 2. c4 e6 3. Nc3 d5 4. cxd5 exd5 5. Bg5 Be7 6. e3 O-O 7. Bd3 Nbd7 8. Nge2 Re8 9. O-O c6 10. Qc2 Nf8 11. Rab1 g6 12. b4 a6 13. a4 Ne6 14. Bh4 Ng7 15. b5 axb5 16. axb5 Bf5 17. bxc6 bxc6 18. Bg3 Bxd3 19. Qxd3 Nf5 20. Bf4 Bd6 21. Rfc1 Bxf4 22. Nxf4 Ng4 23. g3 Qf6 24. Nd1 g5 25. Ng2 Qg6 26. h3 Nh4 27. Qxg6+ hxg6 28. gxh4 1-0


[Site "https://www.chess.com"]

[Event "Titled Tuesday Blitz October 5 2021"]
[White "Kostiukov, Alexandr"]
[Black "Seul, Georg"]
[WhiteFideId "14108100"]
[BlackFideId "4601653"]
[WhiteElo "2227"]
[BlackElo "2332"]
[Result "0-1"]
[Round "06"]
[TimeControl "180+1"]
[Date "2021.10.05"]
[WhiteClock "0:00:03"]
[BlackClock "0:00:18"]

1. g3 d5 2. Bg2 e5 3. d3 Nf6 4. e4 dxe4 5. dxe4 Qxd1+ 6. Kxd1 Bc5 7. f3 O-O 8. Nd2 Nc6 9. c3 a5 10. a4 Be6 11. Bh3 Nd8 12. Ke2 Nd7 13. Bxe6 Nxe6 14. Nh3 g6 15. Nc4 f5 16. Ng5 Rae8 17. exf5 gxf5 18. Nxe6 Rxe6 19. Rd1 Nf6 20. Nxa5 b6 21. Nb7 Be7 22. a5 Ra8 23. Bg5 Kf7 24. Bxf6 Bxf6 25. Rd7+ Re7 26. Rxe7+ Kxe7 27. b4 Kd7 28. b5 c6 29. c4 cxb5 30. cxb5 bxa5 31. Rxa5 Rb8 32. Nc5+ Kd6 33. Nd3 Kd5 34. Ra6 Bd8 35. Nb4+ Kc5 36. Nc6 Rc8 37. Na7 Ra8 38. Rc6+ Kd5 39. Ra6 h5 40. b6 Bxb6 41. Rxb6 Rxa7 42. Rh6 Ra2+ 43. Ke3 Rxh2 44. Ra6 Rc2 45. Rh6 Rh2 46. Ra6 h4 0-1


[Site "https://www.chess.com"]

[Event "Titled Tuesday Blitz October 5 2021"]
[White "Kotepalli, Sai Nirupama"]
[Black "Vlassov, Nikolai"]
[WhiteFideId "5039444"]
[BlackFideId "4103360"]
[WhiteElo "2438"]
[BlackElo "2407"]
[Result "1-0"]
[Round "06"]
[TimeControl "180+1"]
[Date "2021.10.05"]
[WhiteClock "0:00:05"]
[BlackClock "0:00:04"]

1. e4 Nc6 2. d3 Nf6 3. Nf3 d5 4. Nbd2 e5 5. g3 Bc5 6. Bg2 O-O 7. O-O a5 8. a3 b6 9. exd5 Nxd5 10. Nc4 Re8 11. h3 f6 12. Re1 Be6 13. Ne3 Qd7 14. Nxd5 Bxd5 15. Be3 Bf8 16. Nh4 Rad8 17. Bxd5+ Qxd5 18. Qf3 Qd7 19. Kh2 Re6 20. Rad1 g6 21. g4 Nd4 22. Bxd4 Qxd4 23. c3 Qd6 24. Kg1 b5 25. Ng2 b4 26. axb4 axb4 27. Ne3 bxc3 28. bxc3 Qc5 29. Nc4 Bg7 30. h4 Ra6 31. Re2 Ra4 32. Re4 Qf8 33. Ne3 Ra2 34. Rc4 Qf7 35. Qc6 Rd7 36. Qb7 h6 37. Qb3 Ra8 38. Qb5 Rad8 39. Rc6 f5 40. gxf5 gxf5 41. Kf1 Kh8 42. Ke1 e4 43. Qxf5 Bxc3+ 44. Rxc3 Qxf5 45. Nxf5 exd3 46. Nxh6 Re8+ 47. Kf1 Red8 48. Ng4 Rd4 49. Ne5 Kg7 50. Nc6 Rxh4 51. Rdxd3 Re8 52. Rg3+ Kh6 53. Kg2 Rhe4 54. Rce3 Rxe3 55. Rxe3 Rg8+ 56. Kf1 Rg6 57. Ne7 Ra6 58. Nd5 c5 59. Rc3 Ra5 60. Nc7 Kg5 61. Rxc5+ Rxc5 62. Ne6+ Kg4 63. Nxc5 Kf3 64. Ne6 Ke4 65. Ke2 Ke5 66. Nc5 Kd4 67. Nd3 Ke4 68. f3+ Kd4 69. Nf2 Ke5 70. Ke3 Kf5 71. f4 Kf6 72. Ke4 Ke6 73. f5+ Kf6 74. Ng4+ Kg5 75. f6 Kg6 76. Ke5 Kf7 77. Nh6+ Kg6 78. Ke6 Kh7 79. f7 Kg6 80. f8=Q 1-0


[Site "https://www.chess.com"]

[Event "Titled Tuesday Blitz October 5 2021"]
[White "Kovalchuk94"]
[Black "Sagripanti, Michele"]
[BlackFideId "847895"]
[WhiteElo "2672"]
[BlackElo "2195"]
[Result "1-0"]
[Round "06"]
[TimeControl "180+1"]
[Date "2021.10.05"]
[WhiteClock "0:00:25"]
[BlackClock "0:00:19"]

1. d4 Nf6 2. c4 e6 3. Nf3 Bb4+ 4. Nbd2 Qe7 5. g3 O-O 6. Bg2 d6 7. O-O Bxd2 8. Bxd2 Nc6 9. Bc3 e5 10. d5 Nb8 11. Nd2 Bf5 12. e4 Bg6 13. Qe2 Nbd7 14. b4 Ne8 15. f4 exf4 16. gxf4 f5 17. e5 Nef6 18. Rae1 Rae8 19. e6 Nb6 20. Bd4 c6 21. dxc6 bxc6 22. Bxc6 Rc8 23. Bf3 Ne4 24. Nxe4 fxe4 25. Bxe4 Bxe4 26. Qxe4 Rxc4 27. Kh1 Rxb4 28. Rg1 Rf6 29. Bxf6 Rxe4 30. Bxe7 Rxe1 31. Rxe1 Nd5 32. Bxd6 1-0


[Site "https://www.chess.com"]

[Event "Titled Tuesday Blitz October 5 2021"]
[White "Kovalev, Vladislav"]
[Black "Starozhilov, Leonid"]
[WhiteFideId "13504398"]
[BlackFideId "14106752"]
[WhiteElo "2573"]
[BlackElo "2414"]
[Result "1-0"]
[Round "06"]
[TimeControl "180+1"]
[Date "2021.10.05"]
[WhiteClock "0:00:06"]
[BlackClock "0:00:04"]

1. e4 c5 2. Be2 Nc6 3. d3 g6 4. f4 Bg7 5. Nf3 d6 6. O-O Nf6 7. c3 c4 8. Nbd2 cxd3 9. Bxd3 O-O 10. Qe2 Bd7 11. Kh1 a6 12. Nb3 Rc8 13. Bd2 Bg4 14. Rae1 Nd7 15. h3 Bxf3 16. Rxf3 Na5 17. Bc1 b5 18. Bb1 Nc4 19. Rd3 Qc7 20. Nd4 e5 21. Nf3 exf4 22. Bxf4 Nce5 23. Rd2 Nc4 24. Rd3 Nce5 25. Rd5 Nb6 26. Rdd1 Rfe8 27. a3 Nbc4 28. Nd4 Nc6 29. Nf3 N4e5 30. Nd2 Re7 31. Ba2 h6 32. Rf1 Kh7 33. Rf2 Rce8 34. Rdf1 Na5 35. Bd5 Rf8 36. Nf3 Nac6 37. Nxe5 Nxe5 38. Be3 Nc4 39. Bd4 Ne5 40. Rf4 Qd7 41. R1f2 Qc7 42. Qf1 Kg8 43. h4 h5 44. Qd1 Ng4 45. Rxg4 hxg4 46. Qxg4 Bxd4 47. cxd4 Kh7 48. Kh2 Qc1 49. Rf4 Qe3 50. h5 Rg8 51. Qg5 Rg7 52. hxg6+ Rxg6 53. Rh4+ Kg7 54. Qxe3 1-0


[Site "https://www.chess.com"]

[Event "Titled Tuesday Blitz October 5 2021"]
[White "Krivonosov, Oleg"]
[Black "Nagy, Gabor"]
[WhiteFideId "11600349"]
[BlackFideId "737119"]
[WhiteElo "2469"]
[BlackElo "2534"]
[Result "1/2-1/2"]
[Round "06"]
[TimeControl "180+1"]
[Date "2021.10.05"]
[WhiteClock "0:00:59"]
[BlackClock "0:00:44"]

1. Nf3 Nf6 2. c4 b6 3. g3 Bb7 4. Bg2 c5 5. O-O g6 6. b3 Bg7 7. Bb2 O-O 8. Nc3 Na6 9. d4 d5 10. dxc5 Nxc5 11. Nxd5 Nxd5 12. Bxg7 Kxg7 13. cxd5 Qxd5 14. Qxd5 Bxd5 15. Rfd1 Rfd8 16. Ne5 Bxg2 17. Kxg2 Kf6 18. f4 Ke6 19. Kf3 f6 20. Nc6 Rd6 21. Rxd6+ Kxd6 22. Nd4 e5 23. Nb5+ Kc6 24. Nc3 Rd8 25. Rc1 Rd2 26. b4 exf4 27. gxf4 Nd3 28. Ke3 Nxc1 29. Kxd2 Nxa2 30. Nxa2 a5 31. Kc3 Kd5 32. bxa5 bxa5 33. Kd3 f5 34. Nc3+ Kc5 35. e4 fxe4+ 36. Nxe4+ Kd5 37. Nc3+ Kc5 38. h4 h5 39. Ne4+ Kb4 40. Kc2 Kc4 41. Ng3 Kd4 42. Kb3 Ke3 43. Nxh5 Ke4 44. Ng7 Kxf4 45. h5 gxh5 46. Nxh5+ Kg5 47. Ka4 Kxh5 48. Kxa5 1/2-1/2


[Site "https://www.chess.com"]

[Event "Titled Tuesday Blitz October 5 2021"]
[White "Krysa, Leandro"]
[Black "Pastar, Slaven"]
[WhiteFideId "116807"]
[BlackFideId "14402718"]
[WhiteElo "2490"]
[BlackElo "2198"]
[Result "1-0"]
[Round "06"]
[TimeControl "180+1"]
[Date "2021.10.05"]
[WhiteClock "0:00:04"]
[BlackClock "0:00:02"]

1. e4 b6 2. d4 Bb7 3. Nc3 e6 4. Bd3 Nf6 5. Nge2 d5 6. exd5 Nxd5 7. Nxd5 Bxd5 8. O-O Be7 9. Nf4 O-O 10. Nxd5 exd5 11. Re1 Bf6 12. c3 c5 13. dxc5 bxc5 14. Qf3 Nc6 15. Bh6 Ne5 16. Rxe5 Bxe5 17. Qf5 Bxh2+ 18. Kf1 g6 19. Qh3 Be5 20. Bxf8 Qxf8 21. Re1 Qd6 22. Qf3 Rd8 23. g3 c4 24. Bc2 d4 25. cxd4 Bxd4 26. b3 Qc5 27. Kg2 Rd6 28. Re2 Rf6 29. Qe4 Bxf2 30. Qxc4 Qxc4 31. bxc4 Bb6 32. Be4 Kg7 33. Bd5 h5 34. a4 g5 35. Re7 Rf2+ 36. Kh1 Rd2 37. Rxf7+ Kg6 38. a5 Bxa5 39. Rxa7 Bc3 40. Be4+ Kf6 41. c5 Ke5 42. c6 Rd1+ 43. Kg2 1-0


[Site "https://www.chess.com"]

[Event "Titled Tuesday Blitz October 5 2021"]
[White "Ladan, Nicholas"]
[Black "Gimenez Aguirre, Alejo Ismael"]
[WhiteFideId "30918855"]
[BlackFideId "32041667"]
[WhiteElo "2401"]
[BlackElo "2031"]
[Result "0-1"]
[Round "06"]
[TimeControl "180+1"]
[Date "2021.10.05"]
[WhiteClock "0:00:10"]
[BlackClock "0:01:20"]

1. g3 d5 2. Bg2 c6 3. b3 Nf6 4. Bb2 g6 5. Nf3 Bg7 6. O-O O-O 7. d3 Nbd7 8. Nbd2 Re8 9. c4 e5 10. e4 dxe4 11. dxe4 Qe7 12. Qc2 b6 13. Rad1 Bb7 14. Nb1 Rad8 15. Rfe1 h6 16. h4 Ng4 17. Bh3 h5 18. Ng5 Nc5 19. f3 Nh6 20. b4 Na6 21. a3 f6 22. Rxd8 Rxd8 23. Ne6 Rd6 24. Nxg7 Kxg7 25. Rd1 c5 26. b5 Nc7 27. Nc3 f5 28. Nd5 Nxd5 29. cxd5 fxe4 30. fxe4 Rf6 31. Qc3 Nf7 32. Be6 Rxe6 33. dxe6 Qxe6 34. Rf1 Bxe4 35. Re1 Bd5 36. Qe3 Qh3 37. Bxe5+ Kh7 38. Re2 Qh1+ 39. Kf2 Nh6 40. Rd2 Ng4+ 41. Ke2 Nxe3 42. Kxe3 Qe4+ 43. Kf2 Qxe5 44. Re2 Qf5+ 45. Ke1 Be4 46. a4 c4 47. a5 bxa5 48. b6 axb6 49. g4 hxg4 50. h5 gxh5 51. Rh2 c3 52. Ke2 Qf3+ 53. Ke1 Qe3+ 54. Kf1 Bd3+ 55. Kg2 Qf3+ 56. Kg1 Qf1# 0-1


[Site "https://www.chess.com"]

[Event "Titled Tuesday Blitz October 5 2021"]
[White "Lashkin, Jegor"]
[Black "Avila Pavas, Santiago"]
[WhiteFideId "13907808"]
[BlackFideId "4437128"]
[WhiteElo "2293"]
[BlackElo "2292"]
[Result "0-1"]
[Round "06"]
[TimeControl "180+1"]
[Date "2021.10.05"]
[WhiteClock "0:00:01"]
[BlackClock "0:01:20"]

1. d4 Nf6 2. c4 c5 3. d5 b5 4. cxb5 a6 5. bxa6 g6 6. Nc3 Bg7 7. e4 O-O 8. Nf3 Qa5 9. a7 Nxe4 10. axb8=Q Rxb8 11. Bd2 Nxd2 12. Nxd2 Rxb2 13. Nce4 f5 14. Rc1 fxe4 15. Rc2 Qxa2 16. Rxb2 Qxb2 17. Qb1 Qc3 18. Qb3 Qa1+ 19. Qd1 Qd4 20. Qe2 Bb7 21. g3 Bxd5 22. Bg2 e3 23. O-O Bxg2 24. Nb3 Qd5 25. Rb1 0-1


[Site "https://www.chess.com"]

[Event "Titled Tuesday Blitz October 5 2021"]
[White "Le, Tuan Minh"]
[Black "Moroni, Luca Jr"]
[WhiteFideId "12401153"]
[BlackFideId "865834"]
[WhiteElo "2450"]
[BlackElo "2491"]
[Result "1-0"]
[Round "06"]
[TimeControl "180+1"]
[Date "2021.10.05"]
[WhiteClock "0:00:08"]
[BlackClock "0:00:02"]

1. d4 g6 2. e4 Bg7 3. Nf3 d6 4. Bc4 Nf6 5. Qe2 O-O 6. O-O c6 7. Bb3 a5 8. a3 b6 9. Rd1 Qc7 10. h3 e5 11. Nc3 Ba6 12. Qd2 Nbd7 13. dxe5 dxe5 14. Qd6 Qxd6 15. Rxd6 Nc5 16. Rxc6 Nxb3 17. cxb3 Bb7 18. Rxb6 Bxe4 19. Rxf6 Bxf6 20. Nxe4 Bg7 21. Be3 f5 22. Nc5 e4 23. Ng5 Bxb2 24. Ra2 Bh8 25. Nge6 Rfc8 26. Rd2 Bf6 27. Rd7 Rab8 28. g4 Rb6 29. gxf5 gxf5 30. Rd5 Bb2 31. Rxf5 Rd6 32. a4 h6 33. Nf4 Kh7 34. Nxe4 Rdc6 35. Kg2 Rg8+ 36. Kf3 Rb8 37. Rxa5 Rxb3 38. Rb5 Rxb5 39. axb5 Rc4 40. b6 Rb4 41. Nd5 Rb5 42. Nc7 Rb3 43. Ke2 Ba3 44. Nd2 Rb2 45. Kd3 Be7 46. Nd5 Bd8 47. Nc4 Rb3+ 48. Ke4 Rb5 49. Ne5 Bxb6 50. Nxb6 Rb1 51. Nd5 Rh1 52. Nf4 Kg7 53. Kf5 Kh7 54. Ng4 Rg1 55. Nh5 Rb1 56. Nxh6 Rb5+ 57. Kg4 Rb7 58. Nf5 Kg6 59. Nf4+ Kh7 60. Ng3 Rb4 61. h4 Ra4 62. h5 Ra6 63. Kg5 Ra4 64. Nf5 Ra6 65. Nd5 Ra8 66. Bd4 Ra2 67. Nf6+ Kh8 68. Ng4+ Kh7 69. f4 Ra4 70. Be5 Ra8 71. Ne7 Ra6 72. Nf6+ Kh8 73. Ng6+ Kg7 74. Ne4+ Kh7 75. Nh4 Ra2 76. f5 Ra5 77. Kf4 Ra2 78. Nf3 Ra8 79. f6 Kh6 80. Kg4 Rg8+ 81. Neg5 Rf8 82. Bd4 Rxf6 83. Be3 Ra6 84. Ne5 Ra4+ 85. Ne4+ Kh7 86. Kf5 Ra6 87. Nf6+ Kh8 88. Ng6+ Kg7 89. h6+ Kf7 90. Ne5+ Ke7 91. Bc5+ Kd8 92. h7 Kc7 93. h8=Q Ra8 94. Qg7+ 1-0


[Site "https://www.chess.com"]

[Event "Titled Tuesday Blitz October 5 2021"]
[White "Madaminov, Mukhiddin"]
[Black "Timofeev, Artyom"]
[WhiteFideId "14210703"]
[BlackFideId "4140419"]
[WhiteElo "1855"]
[BlackElo "2591"]
[Result "0-1"]
[Round "06"]
[TimeControl "180+1"]
[Date "2021.10.05"]
[WhiteClock "0:00:02"]
[BlackClock "0:00:08"]

1. e4 c5 2. Nf3 Nc6 3. Nc3 e5 4. Bc4 d6 5. d3 Be7 6. O-O Nf6 7. Ng5 O-O 8. f4 Bg4 9. Qe1 exf4 10. Bxf4 Nd4 11. Qd2 h6 12. Nf3 Nxf3+ 13. gxf3 Be6 14. Kh1 Kh7 15. Rae1 Nh5 16. Nd5 Bf6 17. c3 b5 18. Bxb5 Bxd5 19. exd5 Rb8 20. a4 a6 21. Bxa6 Nxf4 22. Qxf4 Rxb2 23. Qe4+ g6 24. Re2 Rxe2 25. Qxe2 Bxc3 26. Bb5 Qf6 27. Qe4 Kg7 28. Rg1 Ra8 29. Rg2 Be5 30. Re2 Ra7 31. Bc6 Qg5 32. Re1 Qd2 33. Qe2 Qf4 34. Qg2 h5 35. Re4 Qf6 36. Bb5 Rb7 37. Qe2 Qg5 38. Qg2 Qc1+ 39. Qg1 Qd2 40. h3 Rb8 41. Re1 Rh8 42. Qf1 h4 43. f4 Bf6 44. Re2 Qb4 45. Re4 Qc3 46. f5 g5 47. Qg1 Kh6 48. Qf1 Rb8 49. Kg2 Qc2+ 50. Qf2 Qd1 51. Qe2 Qc1 52. Qe3 Qb2+ 53. Qe2 Qc3 54. Qe3 Kg7 55. Rg4 Kf8 56. Re4 Kg7 57. Qe1 Qb2+ 58. Qe2 Qc1 59. Qe3 Qd1 60. Qe2 Qa1 61. Qe1 Qa2+ 62. Qe2 Qb3 63. Qe3 Rxb5 64. axb5 Qxb5 65. Rg4 Qb2+ 66. Qf2 Qe5 67. Qf3 Kf8 68. Re4 Qc3 69. Re2 Kg7 70. Re4 Qc2+ 71. Qf2 Qxd3 72. Qe2 Qxd5 73. Qf3 c4 74. Rg4 Qxf3+ 75. Kxf3 d5 76. Ke3 Kf8 77. Kd2 Ke7 78. Rg1 Kd6 79. Re1 Be5 80. Re2 f6 81. Re1 d4 82. Re4 Kd5 83. Rg4 Bf4+ 84. Ke2 Ke4 85. Rg1 d3+ 86. Kf2 c3 87. Ra1 c2 88. Ra4+ Kxf5 89. Kf3 Be5 90. Rc4 d2 91. Ke3 d1=Q 92. Rf4+ gxf4+ 93. Kf2 Qd2+ 94. Kf3 Qe3+ 95. Kg2 f3+ 96. Kh1 Qe1# 0-1


[Site "https://www.chess.com"]